 Dungeon Crawl Stone Soup version 0.18.1-50-g88ac8fd (webtiles) character file.

4611 sleepydude the Blocker (level 10, -6/80 HPs)
             Began as a Formicid Fighter on Oct 16, 2016.
             Was a High Priest of Makhleb.
             Mangled by an orange demon (7 damage)
             ... summoned by an orc high priest
             ... in a bailey.
             The game lasted 00:32:17 (7105 turns).

sleepydude the Blocker (Formicid Fighter)           Turns: 7105, Time: 00:32:18

Health: -6/80      AC: 18    Str: 24    XL:     10   Next: 69%
Magic:  10/10      EV: 13    Int:  8    God:    Makhleb [*****.]
Gold:   435        SH: 13    Dex: 10    Spells: 0 memorised, 9 levels left

rFire  . . .     SeeInvis +     n - +1 flail (curse)
rCold  . . .     Gourm    .     J - +0 plate armour
rNeg   . . .     Faith    .     c - +1 shield
rPois  .         Spirit   .     (helmet unavailable)
rElec  .         Dismiss  .     F - +0 cloak (curse)
rCorr  .         Reflect  .     t - +2 pair of gloves
SustAt .         Harm     .     (no boots)
MR     +....                    g - amulet of regeneration
Stlth  ..........               (no ring)
                                D - +6 ring of evasion

@: flying, very slightly contaminated, invisible, somewhat resistant to hostile
enchantments, extremely unstealthy
A: permanent stasis, dig shafts and tunnels, four strong arms, antennae 3
a: Dig, Shaft Self, Minor Destruction, Lesser Servant of Makhleb, Major
Destruction, Greater Servant of Makhleb, Renounce Religion


You were in a bailey.
You worshipped Makhleb.
Makhleb was extremely pleased with you.
You were not hungry.

You visited 2 branches of the dungeon, and saw 10 of its levels.
You also visited: Bailey.

You collected 435 gold pieces.

Inventory:

Hand Weapons
 a - a +1 flail
 n - a cursed +1 flail (weapon)
Armour
 c - a +1 shield (worn)
 t - a +2 pair of gloves (worn)
 u - a +1 buckler of poison resistance
 F - a cursed +0 cloak (worn)
 J - a +0 plate armour (worn)
Jewellery
 g - an amulet of regeneration (around neck)
 l - a +3 ring of strength {unknown}
 D - a +6 ring of evasion (left hand)
Wands
 b - a wand of paralysis (24/24)
 p - a wand of polymorph (9/24)
Scrolls
 e - 4 scrolls of identify
 h - a scroll of noise
 o - 5 scrolls of remove curse
 v - a scroll of random uselessness
 H - a scroll of fear
Potions
 d - 2 potions of lignification
 k - 2 potions of invisibility
 q - 3 potions of agility
 r - a potion of haste
 s - 3 potions of flight
 w - a potion of cancellation {unknown}
 x - 3 potions of curing {unknown}
 z - 2 potions of ambrosia {unknown}
 A - a potion of brilliance {unknown}
 B - 2 potions of might (quivered)
 E - 2 potions of berserk rage {unknown}
 G - a potion of mutation {unknown}
Books
 K - a book of Geomancy

   Spells                             Type                      Level
   a - Sandblast                      Earth                        1
   b - Passwall                       Transmutation/Earth          2
   c - Stone Arrow                    Conjuration/Earth            3
   d - Petrify                        Transmutation/Earth          4
   e - Lee's Rapid Deconstruction     Earth                        5
 M - a book of Alchemy

   Spells                             Type                      Level
   a - Sublimation of Blood           Necromancy                   2
   b - Ignite Poison                  Fire/Transmutation/Poison    3
   c - Petrify                        Transmutation/Earth          4
   d - Alistair's Intoxication        Transmutation/Poison         5
   e - Irradiate                      Conjuration/Transmutation    5
Comestibles
 f - 8 bread rations
 i - a slice of pizza
 m - 2 meat rations


   Skills:
 + Level 7.9 Fighting
 * Level 9.0 Maces & Flails
 + Level 8.5 Armour
 - Level 1.2 Dodging
 + Level 9.3 Shields


You had 9 spell levels left.
You didn't know any spells.

Dungeon Overview and Level Annotations

Branches:
Dungeon (9/15)             Temple (1/1) D:4             Orc (0/2) D:9
   Lair: D:8-11

Altars:
Ashenzari
Cheibriados
Dithmenos
Elyvilon
Fedhas
Gozag
Kikubaaqudgha
Makhleb
Nemelex Xobeh
Okawaru
Qazlal
Ru
Sif Muna
Trog
Vehumet
Xom
Yredelemnul
Zin
The Shining One

Shops:
D:5 *   D:7 *


Innate Abilities, Weirdness & Mutations

You are under a permanent stasis effect.
You can dig through walls and to a lower floor.
Your four strong arms can wield two-handed weapons with a shield.
You have a pair of large antennae on your head (SInv).


Message History

You block the red devil's attack.
You are very lightly contaminated with residual magic.
You hit the sun demon.
The sun demon is moderately wounded.
You block the orc warrior's attack. You block the crimson imp's attack.
The sun demon completely misses you.
Drink which item? (? for menu, Esc to quit)
It was a potion of haste.
Your stasis keeps you stable.
You block the red devil's attack. The crimson imp misses you.
The sun demon hits you!
* * * LOW HITPOINT WARNING * * *
You are engulfed in flames!
* * * LOW HITPOINT WARNING * * *
Unknown command.
Drink which item? (? for menu, Esc to quit)
It was a potion of flight.
You feel very buoyant.
You fly up into the air.
The red devil barely misses you. The crimson imp misses you.
The orange demon stings you from afar!
You die...

#.......#
########.......########
≈≈≈≈≈≈≈.........≈≈≈≈≈≈≈
≈≈≈≈≈≈≈≈≈≈...≈≈≈≈≈≈≈≈≈≈
≈≈≈≈≈≈≈≈≈≈...≈≈≈≈≈≈≈≈≈≈
≈≈≈≈≈≈≈≈≈≈...≈≈≈≈≈≈≈≈≈≈
≈≈≈≈≈≈≈≈≈≈..5≈≈≈≈≈≈≈≈≈≈
######))≈≈..4o5≈≈######
{ #.))..4K3@..# { {
#####'o4##### {
+..go5'..# +.....'..#
#..⌠..#..####
#.....#.....#
#.....#...8.#
#######{{K.5# ###o8.#


You could see an orc high priest, a sun demon, an orange demon, a rust devil, a
kobold demonologist, a red devil, an orc warrior, a crimson imp, an ufetubus and
a goblin.

Vanquished Creatures
  Prince Ribbit (D:7)
  A spriggan (D:7)
  A wyvern (D:8)
  2 hippogriffs (D:8)
  Menkaure (D:6)
  Duvessa (D:5)
  A water moccasin (D:5)
  2 black bears (D:7)
  A phantom (D:5)
  An ice beast (D:5)
  An eye of draining (D:8)
  A necrophage (D:5)
  4 ogres
  2 centaurs
  7 giant frogs
  A big kobold (D:7)
  Dowan (D:5)
  3 scorpions (D:8)
  A troll zombie (D:9)
  5 wights (D:6)
  A killer bee (D:9)
  2 electric eels (Bailey)
  2 howler monkeys
  A crimson imp (D:6)
  A jelly (D:5)
  A hound (D:7)
  A giant frog skeleton (D:6)
  4 orc wizards
  7 orc priests
  Crazy Yiuf (D:7)
  A centaur skeleton (D:6)
  Natasha (D:1)
  3 worker ants
  3 ogre zombies (D:9)
  A hound zombie (D:5)
  A hound skeleton (D:4)
  A gnoll (Bailey)
  13 adders
  2 shadow imps (D:5)
  4 oozes
  An adder skeleton (D:6)
  3 worms
  2 dart slugs (D:2)
  4 giant geckos
  15 orcs
  4 giant cockroaches
  7 goblins
  9 hobgoblins
  7 jackals
  18 kobolds
  A quokka (D:7)
  6 ball pythons
  5 bats
  6 giant newts
  2 goblin skeletons (D:9)
  8 goblin zombies (D:9)
  2 hobgoblin zombies (D:9)
  3 jackal skeletons
  An orc skeleton (D:9)
  9 orc zombies (D:9)
  A quokka skeleton (D:5)
  5 rats
208 creatures vanquished.

Vanquished Creatures (collateral kills)
  A hungry ghost (D:9)
  A phantom (D:9)
  A water moccasin skeleton (D:9)
  5 killer bees (D:9)
  A centaur zombie (D:9)
  3 ogre zombies (D:9)
  An adder (D:9)
  2 jackals (D:9)
  An orc skeleton (D:9)
16 creatures vanquished.

Grand Total: 224 creatures vanquished

Notes
Turn   | Place    | Note
--------------------------------------------------------------
     0 | D:1      | sleepydude the Formicid Fighter began the quest for the Orb.
     0 | D:1      | Reached XP level 1. HP: 18/18 MP: 1/1
   175 | D:1      | Reached XP level 2. HP: 21/24 MP: 2/2
   513 | D:1      | Reached XP level 3. HP: 28/29 MP: 3/3
   721 | D:2      | Noticed Natasha
   744 | D:1      | HP: 1/29 [Natasha (5)]
   748 | D:1      | Killed Natasha
   748 | D:1      | Reached skill level 1 in Dodging
   748 | D:1      | Reached XP level 4. HP: 3/35 MP: 4/4
  1083 | D:2      | Reached XP level 5. HP: 37/41 MP: 5/5
  2027 | D:4      | Reached skill level 5 in Shields
  2112 | D:4      | Reached XP level 6. HP: 48/48 MP: 6/6
  2227 | D:4      | Found a staircase to the Ecumenical Temple.
  2264 | D:4      | Found a basalt altar of Yredelemnul.
  2264 | D:4      | Found a glowing silver altar of Zin.
  2265 | D:4      | Found an iron altar of Okawaru.
  2771 | Temple   | Entered the Ecumenical Temple
  2895 | Temple   | Became a worshipper of Makhleb the Destroyer
  2928 | D:5      | Entered Level 5 of the Dungeon
  3006 | D:5      | Noticed an ice beast
  3031 | D:5      | Killed an ice beast
  3031 | D:5      | Reached XP level 7. HP: 27/55 MP: 7/7
  3137 | D:5      | Reached skill level 5 in Armour
  3385 | D:5      | Found Ikug's Serpentskin Sales.
  3385 | D:5      | Noticed a water moccasin
  3401 | D:5      | Killed a water moccasin
  3401 | D:5      | Reached skill level 5 in Fighting
  3403 | D:5      | Reached XP level 8. HP: 62/62 MP: 8/8
  3495 | D:5      | Reached * piety under Makhleb
  3508 | D:5      | Noticed Dowan
  3515 | D:5      | Noticed Duvessa
  3526 | D:5      | Killed Duvessa
  3542 | D:5      | Killed Dowan
  3836 | D:6      | Reached skill level 5 in Maces & Flails
  3927 | D:6      | Noticed Menkaure
  3936 | D:6      | Killed Menkaure
  3936 | D:6      | Reached XP level 9. HP: 7/69 MP: 9/9
  4732 | D:7      | Noticed Prince Ribbit
  4781 | D:7      | Reached ** piety under Makhleb
  4971 | D:7      | Found a blossoming altar of Fedhas.
  4996 | D:7      | Found an opulent altar of Gozag.
  4996 | D:7      | Found Gozag's Platinum Reserve.
  5106 | D:7      | Killed Prince Ribbit
  5126 | D:7      | Found a shattered altar of Ashenzari.
  5682 | D:7      | Noticed Crazy Yiuf
  5687 | D:7      | Killed Crazy Yiuf
  5788 | D:7      | Reached XP level 10. HP: 71/79 MP: 10/10
  5868 | D:7      | Reached *** piety under Makhleb
  6196 | D:8      | Found a white marble altar of Elyvilon.
  6683 | D:9      | Reached **** piety under Makhleb
  6791 | D:9      | Found a staircase to the Orcish Mines.
  6807 | D:9      | Found a flagged portal.
  6821 | Bailey   | Entered a bailey
  7045 | Bailey   | Reached ***** piety under Makhleb
  7069 | Bailey   | Found an iron altar of Okawaru.
  7069 | Bailey   | Noticed a kobold demonologist
  7069 | Bailey   | Noticed an orc high priest
  7091 | Bailey   | Noticed an orange demon
  7091 | Bailey   | Noticed a sun demon
  7097 | Bailey   | Noticed a rust devil
  7104 | Bailey   | HP: 1/80 [sun demon[an orc high priest] (11)]
  7105 | Bailey   | Mangled by an orange demon

Skill      XL: |  1  2  3  4  5  6  7  8  9 10 |
---------------+-------------------------------+-----
Shields        | 4 5 6 7 8 9 |  9.3
Dodging        | 1 |  1.2
Armour         | 4 5 6 7 8 |  8.5
Maces & Flails | 3 4 5 7 9 |  9.0
Fighting       | 4 5 6 7 |  7.9

Action                   |  1- 3 |  4- 6 |  7- 9 | 10-12 || total
-------------------------+-------+-------+-------+-------++-------
Melee: Flail             |   123 |   178 |   428 |   218 ||   947
 Abil: Dig               |       |       |     1 |       ||     1
  Use: Potion            |     1 |       |     2 |     3 ||     6
       Scroll            |       |     8 |       |     5 ||    13
  Eat: Chunk             |       |     3 |     6 |     5 ||    14
       Meat ration       |       |     1 |       |       ||     1
       Beef jerky        |       |       |     1 |       ||     1
       Pizza             |       |       |     1 |       ||     1
Armor: Scale mail        |    43 |     3 |       |       ||    46
       Chain mail        |       |    45 |   130 |    19 ||   194
       Plate armour      |       |       |       |    47 ||    47
Dodge: Dodged            |    30 |    77 |   201 |   109 ||   417
Block: Shield            |    72 |    86 |   245 |   160 ||   563
       Buckler           |       |       |    12 |       ||    12
